 Dungeon Crawl Stone Soup version 0.20.1-1-g8b1a95d (webtiles) character file.

5618 ReignOfFire the Carver (level 10, -3/77 HPs)
             Began as a Demonspawn Gladiator on July 25, 2017.
             Was a Believer of Makhleb.
             Slain by an unseen horror (8 damage)
             ... on level 10 of the Dungeon.
             The game lasted 00:23:17 (10911 turns).

ReignOfFire the Carver (Demonspawn Gladiator)      Turns: 10911, Time: 00:23:18

Health: -3/77      AC: 14    Str: 13 (14) XL:     10   Next: 45%
Magic:  10/10      EV:  8    Int: 10 (11) God:    Makhleb [**....]
Gold:   576        SH:  2    Dex: 19      Spells: 9/9 levels left

rFire    . . .     SeeInvis .   A - +3 scimitar
rCold    . . .     Gourm    .   (no shield)
rNeg     . . .     Faith    .   s - +0 chain mail {rPois}
rPois    +         Spirit   .   (helmet restricted)
rElec    .         Reflect  +   o - +0 cloak
rCorr    .         Harm     .   (no gloves)
MR       .....                  r - +0 pair of boots
Stlth    ..........             e - +2 amulet of reflection
Regen    0.3/turn               d - +3 ring of protection
MPRegen  0.2/turn               K - ring of poison resistance

@: no status effects
A: horns 2, molten scales 1, clever 1, deformed body, deterioration 1,
nightstalker 1, powered by pain 1
a: Minor Destruction, Renounce Religion


You were on level 10 of the Dungeon.
You worshipped Makhleb.
Makhleb was pleased with you.
You were hungry.

You visited 2 branches of the dungeon, and saw 11 of its levels.
You also visited: Ossuary.

You collected 576 gold pieces.

Inventory:

Hand Weapons
 A - a +3 scimitar (weapon)
Armour
 i - a +2 scale mail of cold resistance
 o - a +0 cloak (worn)
 r - a +0 pair of boots (worn)
 s - a +0 chain mail of poison resistance (worn)
 w - a scarf of spirit shield
Jewellery
 d - a +3 ring of protection (left hand)
 e - a +2 amulet of reflection (around neck)
 l - an uncursed ring of protection from fire
 m - an uncursed amulet of magic regeneration
 K - a ring of poison resistance (right hand)
Wands
 k - a wand of random effects (19/48)
 q - a wand of paralysis (10/24)
 u - a wand of flame (16/48)
 z - a wand of digging (11/24)
 H - a wand of digging (7/24)
Scrolls
 h - 2 scrolls of amnesia
 t - 3 scrolls of enchant armour
 v - 2 scrolls of random uselessness
 x - a scroll of immolation
 y - a scroll of fog
 F - a scroll of remove curse
 I - a scroll of magic mapping
Potions
 b - 2 potions of flight
 g - 3 potions of cancellation
 p - 2 potions of magic
 B - a potion of experience
 D - 2 potions of curing
 G - a potion of heal wounds
Comestibles
 a - a meat ration
 f - a bread ration
 j - 22 fruits
 C - a royal jelly
 J - 16 chunks of flesh


   Skills:
 + Level 6.8 Fighting
 + Level 10.0 Long Blades
 + Level 2.0 Throwing
 + Level 7.3 Armour
 + Level 4.8 Dodging
 + Level 2.6 Stealth


You had 9 spell levels left.
You didn't know any spells.

Dungeon Overview and Level Annotations

Branches:
Dungeon (10/15)            Temple (1/1) D:7             Orc (0/2) D:9
   Lair: D:8-11

Altars:
Ashenzari
Cheibriados
Dithmenos
Fedhas
Hepliaklqana
Kikubaaqudgha
Makhleb
Nemelex Xobeh
Okawaru
Qazlal
Ru
Sif Muna
Trog
Uskayaw
Vehumet
Xom
Zin
The Shining One

Shops:
D:4 *

Annotations:
D:9 !114 hp ghost!, Knicklaso's ghost, novice OgWr


Innate Abilities, Weirdness & Mutations

You have a pair of horns on your head.
You are partially covered in molten scales. (AC +2)
You are slightly more attuned to the shadows.
You sometimes gain a little power by taking damage.
Your mind is acute. (Int +2)
Armour fits poorly on your strangely shaped body.
Your body sometimes deteriorates upon taking damage.


Message History

You closely miss something. You block something's attack.
You slash something! You headbutt something. Something hits you. x2
* * * LOW HITPOINT WARNING * * *
You hit something but do no damage. Something hits you but does no damage.
Something hits you but does no damage. x2
You miss something. You headbutt something. Something hits you!
* * * LOW HITPOINT WARNING * * *
Something hits you but does no damage. Something completely misses you.
You closely miss something. Something hits you.
* * * LOW HITPOINT WARNING * * *
Something hits you but does no damage.
You miss something. Something hits you.
* * * LOW HITPOINT WARNING * * *
Something hits you.
* * * LOW HITPOINT WARNING * * *
Something hits you but does no damage.
You slash something! Something hits you.
* * * LOW HITPOINT WARNING * * *
Something hits you!
You die...

#################################
................@...........#....
###########################.'..<.
###.... #.... #.... #####


There were no monsters in sight!

Vanquished Creatures
  Joseph (D:9)
  2 hippogriffs
  A wyvern (D:10)
  5 yaks (D:9)
  2 hungry ghosts
  Menkaure (D:4)
  10 orc warriors
  An ice beast (D:4)
  2 sky beasts
  2 phantoms
  An ogre (D:8)
  3 centaurs
  A big kobold (D:8)
  An elf zombie (Ossuary)
  2 bullfrogs
  2 scorpions (D:6)
  4 killer bees (D:6)
  5 wights (D:8)
  A howler monkey (D:9)
  3 crimson imps
  2 centaur zombies
  3 jellies
  A hound (D:4)
  2 human zombies (Ossuary)
  2 centaur skeletons (D:9)
  4 orc priests
  Crazy Yiuf (D:7)
  An iron imp (D:6)
  3 iguanas
  6 orc wizards
  4 worker ants
  A big kobold zombie (Ossuary)
  2 hound zombies
  2 mummies (Ossuary)
  8 adders
  3 gnolls (D:8)
  An ooze (D:4)
  A worm (D:3)
  4 dart slugs
  5 leopard geckos
  24 orcs
  A ball python (D:2)
  3 giant cockroaches
  12 goblins
  16 hobgoblins
  8 jackals
  A quokka (D:8)
  7 bats
  6 frilled lizards
  2 goblin zombies (Ossuary)
  10 hobgoblin zombies (Ossuary)
  10 kobolds
  8 kobold zombies (Ossuary)
  10 orc zombies (Ossuary)
  6 rats
230 creatures vanquished.

Notes
Turn   | Place    | Note
-------+----------+-------------------------------------------
     0 | D:1      | ReignOfFire the Demonspawn Gladiator began the quest for the Orb.
     0 | D:1      | Reached XP level 1. HP: 16/16 MP: 1/1
   258 | D:1      | Gained mutation: You are slightly more attuned to the shadows. [demonic ancestry]
   258 | D:1      | Reached XP level 2. HP: 22/22 MP: 2/2
   664 | D:1      | Reached skill level 3 in Long Blades
   768 | D:1      | Gained mutation: You are partially covered in molten scales. (AC +2) [demonic ancestry]
   768 | D:1      | Reached XP level 3. HP: 28/28 MP: 3/3
   875 | D:2      | Reached skill level 1 in Armour
  1262 | D:2      | Reached XP level 4. HP: 27/34 MP: 4/4
  2416 | D:4      | Noticed Menkaure
  2432 | D:4      | Killed Menkaure
  2432 | D:4      | Reached skill level 4 in Long Blades
  2432 | D:4      | Reached skill level 1 in Stealth
  2432 | D:4      | Reached XP level 5. HP: 8/41 MP: 5/5
  2867 | D:4      | Noticed a phantom
  2922 | D:4      | Gained mutation: You have a pair of small horns on your head. [demonic ancestry]
  2922 | D:4      | Reached XP level 6. HP: 8/47 MP: 6/6
  3214 | D:4      | Found Keapsaz's Serpentskin Sales.
  3220 | D:4      | Reached skill level 5 in Long Blades
  3495 | D:4      | Reached XP level 7. HP: 50/52 MP: 7/7
  3544 | D:5      | Entered Level 5 of the Dungeon
  3886 | D:4      | HP: 1/52 [ice beast (6)]
  4299 | D:5      | Found a sacrificial altar of Ru.
  4603 | D:6      | Reached skill level 6 in Long Blades
  4679 | D:6      | Found a snail-covered altar of Cheibriados.
  4754 | D:6      | Found a stormy altar of Qazlal.
  4756 | D:6      | Noticed a water elemental
  4757 | D:6      | Noticed a fire elemental
  4757 | D:6      | Noticed an air elemental
  4880 | D:6      | Gained mutation: You sometimes gain a little power by taking damage. [demonic ancestry]
  4880 | D:6      | Reached XP level 8. HP: 57/60 MP: 8/8
  5039 | D:6      | HP: 4/90 [killer bee (4)]
  5326 | D:7      | Found a glowing silver altar of Zin.
  5435 | D:7      | Found a sand-covered staircase.
  5449 | Ossuary  | Entered an ossuary
  5980 | D:7      | Found a staircase to the Ecumenical Temple.
  5984 | Temple   | Entered the Ecumenical Temple
  6114 | Temple   | Became a worshipper of Makhleb the Destroyer
  6191 | D:7      | Found a shattered altar of Ashenzari.
  6253 | D:7      | Found a sparkling altar of Nemelex Xobeh.
  6254 | D:7      | Found a blossoming altar of Fedhas.
  6254 | D:7      | Found a blossoming altar of Fedhas.
  6257 | D:7      | Found a shimmering altar of Xom.
  6257 | D:7      | Found a glowing golden altar of the Shining One.
  6257 | D:7      | Found a shattered altar of Ashenzari.
  6414 | D:7      | Found a hazy altar of Hepliaklqana.
  6414 | D:7      | Found an ancient bone altar of Kikubaaqudgha.
  6514 | D:7      | Reached skill level 7 in Long Blades
  7083 | D:7      | Found a runed door.
  7215 | D:7      | Noticed Crazy Yiuf
  7222 | D:7      | Killed Crazy Yiuf
  7316 | D:8      | Reached skill level 5 in Armour
  7316 | D:8      | Reached XP level 9. HP: 67/67 MP: 9/9
  7439 | D:8      | Reached skill level 5 in Fighting
  7439 | D:8      | Reached skill level 8 in Long Blades
  8020 | D:8      | Found a radiant altar of Vehumet.
  8250 | D:8      | Reached * piety under Makhleb
  8254 | D:8      | Gained mutation: You evolve. [mutagenic meat]
  8255 | D:8      | Gained mutation: Your body sometimes deteriorates upon taking damage. [mutagenic meat]
  8258 | D:8      | Gained mutation: Armour fits poorly on your strangely shaped body. [mutagenic meat]
  8461 | D:9      | Reached skill level 9 in Long Blades
  8888 | D:9      | Noticed Joseph
  8917 | D:9      | Killed Joseph
  9209 | D:9      | Reached XP level 10. HP: 71/76 MP: 10/10
  9253 | D:10     | Entered Level 10 of the Dungeon
  9524 | D:10     | Gained mutation: You have a pair of horns on your head. [evolution]
  9867 | D:9      | Found a staircase to the Orcish Mines.
 10048 | D:9      | Found a shadowy altar of Dithmenos.
 10127 | D:9      | Noticed Knicklaso's ghost (novice OgWr)
 10537 | D:10     | Gained mutation: Your mind is acute. (Int +2) [evolution]
 10537 | D:10     | Lost mutation: You evolve. [end of evolution]
 10723 | D:10     | Reached skill level 10 in Long Blades
 10730 | D:10     | Reached ** piety under Makhleb
 10911 | D:10     | Slain by an unseen horror

Skill      XL: |  1  2  3  4  5  6  7  8  9 10 |
---------------+-------------------------------+-----
Dodging        | 3 4 |  4.8
Long Blades    | 3 4 5 6 7 9 10 | 10.0
Armour         | 1 2 3 5 6 7 |  7.3
Fighting       | 3 4 6 |  6.8
Stealth        | 1 2 |  2.6
Throwing       | 2 |  2.0

Action                   |  1- 3 |  4- 6 |  7- 9 | 10-12 || total
-------------------------+-------+-------+-------+-------++-------
Melee: Long sword        |    96 |   201 |   476 |       ||   773
       Headbutt          |       |    16 |   157 |    39 ||   212
       Scimitar          |       |       |   100 |   154 ||   254
Throw: Throwing net      |       |     3 |     2 |       ||     5
  Use: Scroll            |       |     1 |    10 |     4 ||    15
       Potion            |       |     1 |     8 |       ||     9
 Stab: Distracted        |     1 |       |       |       ||     1
       Sleeping          |     2 |     1 |       |       ||     3
       Held in net/web   |       |     3 |     1 |       ||     4
  Eat: Chunk             |     1 |     6 |    16 |     6 ||    29
       Royal jelly       |       |     1 |       |       ||     1
       Bread ration      |       |       |     3 |       ||     3
       Fruit             |       |       |     2 |     2 ||     4
Armor: Leather armour    |    27 |    23 |       |       ||    50
       Scale mail        |       |    46 |    45 |       ||    91
       Chain mail        |       |       |   214 |    97 ||   311
       Skin              |       |       |    32 |       ||    32
Dodge: Dodged            |    72 |   142 |   210 |    68 ||   492
Block: Other             |       |    15 |    32 |     6 ||    53
       Reflection        |       |       |     1 |       ||     1
       Rpst.: Long sword |    23 |    42 |    66 |       ||   131
       Scimitar          |       |       |     7 |    22 ||    29
